 Dungeon Crawl Stone Soup version 0.30-b1-2-g02819fbbbe (webtiles) character file.

Game seed: 7252963197570253000

654 snakesoul the Conjurer (level 7, -1/36 HPs)
             Began as a Gargoyle Earth Elementalist on May 30, 2023.
             Slain by an iguana (11 damage)
             ... on level 4 of the Dungeon.
             The game lasted 00:08:05 (4033 turns).

snakesoul the Conjurer (GrEE)                       Turns: 4033, Time: 00:08:06

Health: -1/36      AC:  8    Str:  9 (11) XL:     7   Next: 54%
Magic:  10/10      EV: 11    Int: 15 (18) God:
Gold:   337        SH:  0    Dex:  7 (10) Spells: 1/11 levels left

rFire   . . .        b - +0 sling
rCold   . . .        (no shield)
rNeg    + . .        a - +0 robe
rPois   ∞            d - +2 hat
rElec   +            (no cloak)
rCorr   .            (no gloves)
SInv    .            (no boots)
Will    .....        (no amulet)
Stlth   +            (no ring)
HPRegen 0.26/turn    (no ring)
MPRegen 0.12/turn

%: no passive effects
@: confused, ambrosia-drunk, flying
A: sickness immunity, AC +4, negative energy resistance 1, electricity
resistance, torment resistance 1, petrification resistance
a: no special abilities


You were on level 4 of the Dungeon.
You visited 1 branch of the dungeon, and saw 5 of its levels.

You collected 337 gold pieces.

Inventory:

Hand Weapons
 b - a +0 sling (weapon)
Armour
 a - a +0 robe (worn)
 d - a +2 hat (worn)
Scrolls
 c - a scroll of torment {unknown}
 h - 4 scrolls of immolation {unknown}
 i - 5 scrolls of teleportation
 j - 3 scrolls of fear {unknown}
 k - a scroll of enchant armour {unknown}
 m - 2 scrolls of acquirement {unknown}
 o - 2 scrolls of identify {unknown}
 p - a scroll of enchant weapon {unknown}
 q - 2 scrolls of blinking {unknown}
 t - 2 scrolls of fog {unknown}
 v - a scroll of butterflies {unknown}
Potions
 e - 3 potions of flight
 f - a potion of invisibility {unknown}
 g - a potion of haste {unknown}
 l - a potion of curing {unknown}
 n - a potion of might {unknown}
 r - a potion of degeneration
 s - a potion of brilliance {unknown}
 u - a potion of ambrosia
 w - 2 potions of heal wounds {unknown}


   Skills:
 - Level 1.5 Dodging
 - Level 2.1 Stealth
 - Level 2.6 Spellcasting
 + Level 5.3 Conjurations
 + Level 4.5 Transmutations
 - Level 4.3 Earth Magic


You had one spell level left.
You knew the following spells:

 Your Spells              Type           Power      Damage    Failure   Level
a - Sandblast             Erth           28%        2d8       3%          1
b - Passwall              Tmut/Erth      12%        N/A       5%          2
c - Stone Arrow           Conj/Erth      32%        3d9       9%          3
d - Petrify               Tmut/Erth      15%        N/A       34%         4

Your spell library contained the following spells:

 Spells                   Type           Power      Damage    Failure   Level
 Ignite Poison            Fire/Tmut/Pois 6%         N/A       34%         3
 Freezing Cloud           Conj/Ice/Air   3%         6-21      95%         5
 Cigotuvi's Dreadful Rot  Necr/Pois/Air  Unusable   N/A       N/A         2

Dungeon Overview and Level Annotations

Branches:
Dungeon (5/15)
 Temple: D:4-7

Altars:
Uskayaw

Shops:
D:3 ?   D:4 ?

Portals:
Abyss: D:4

Annotations:
D:4 4 transporters, Fartwhistle's ghost, amateur DjTm


Innate Abilities, Weirdness & Mutations

You are immune to sickness and miasma.
Your stone body is resilient. (AC +4)
You are immune to poison.
You resist negative energy. (rN+)
You are resistant to electric shocks. (rElec)
You are resistant to unholy torment.
You are immune to petrification.


Message History

Press: ? - help, Shift-Dir - straight line, f/p - iguana
Aim: an iguana (84% to hit)
You miscast Sandblast.
You are very lightly contaminated with residual magic.
Nothing appears to happen.
The iguana bites you! The iguana attacks as you move away!
The iguana bites you.
Your magical contamination has completely faded away.
The iguana attacks as you move away! The iguana bites you.
* * * LOW HITPOINT WARNING * * *
The iguana attacks as you move away! The iguana bites you.
* * * LOW HITPOINT WARNING * * *
The iguana attacks as you move away!
The iguana bites you but does no damage.
There is a stone staircase leading up here.
The iguana bites you.
* * * LOW HITPOINT WARNING * * *
You climb upwards.
Level annotation: 4 transporters, Fartwhistle's ghost, amateur DjTm
There is a stone staircase leading down here.
It was a potion of flight.
You feel very buoyant.
You fly up into the air.
The iguana bites you but does no damage.
It was a potion of degeneration.
There was something very wrong with that liquid.
You feel weakened.
You feel dopey.
You feel clumsy. The iguana closely misses you.
It was a potion of ambrosia.
You are confused.
You feel invigorated.
The iguana bites you but does no damage.
You're too confused to cast spells.
Sorry, you're not good enough to have a special ability.
Unknown command.
You bump into the rock wall.
The iguana bites you!
* * * LOW HITPOINT WARNING * * *
You bump into the rock wall.
The iguana hisses menacingly.
The iguana bites you!
You die...

##########.†..# #.##.#
##########....# #.##.#
.....#...#....# #.##.#
©.∩.©#©.......#########.##.#
.....#...#....'..........#.#
##########....############.#
######## #...........# #.#
.#.....###....######.# #.#
................@# #.# #.#
.......#.#######l# #.# #.#
..........# #.# #.# #.#
..###.....# #.# #.# #.# ..#
#.....# #.# #.# #.# .##
#.....# #.# #.# #.#
.####.....# #.# #.# #.#
..........# #.# #.# #.#
..........# #.# #.# #.#


You could see an iguana.

Vanquished Creatures
  Sigmund (D:2)
  An ogre (D:3)
  2 scorpions (D:5)
  A jelly (D:5)
  A sleepcap (D:4)
  6 gnolls
  4 adders
  A white imp (D:5)
  2 ufetubi (D:5)
  2 worms
  2 dart slugs (D:4)
  9 orcs
  8 bats
  8 endoplasms
  2 giant cockroaches
  11 goblins
  4 hobgoblins
  17 jackals
  3 quokkas
  5 ball pythons
  6 frilled lizards
  7 kobolds
  8 rats
  A spectral goblin (D:1)
112 creatures vanquished.

Notes
Turn   | Place    | Note
-------+----------+-------------------------------------------
     0 | D:1      | snakesoul the Gargoyle Earth Elementalist began the quest
                  | for the Orb.
     0 | D:1      | Reached XP level 1. HP: 10/10 MP: 3/3
   110 | D:1      | Reached skill level 1 in Transmutations
   121 | D:1      | Reached XP level 2. HP: 15/15 MP: 0/5
   401 | D:1      | You fall into a shaft and drop 1 floor!
   418 | D:2      | Reached XP level 3. HP: 19/19 MP: 4/6
   602 | D:2      | Noticed Sigmund
   719 | D:1      | Found a faded altar of an unknown god.
   996 | D:1      | Learned a level 2 spell: Passwall
  1000 | D:1      | Learned a level 3 spell: Stone Arrow
  1059 | D:2      | Killed Sigmund
  1060 | D:2      | Reached skill level 3 in Conjurations
  1060 | D:2      | Reached XP level 4. HP: 15/24 MP: 7/7
  1060 | D:2      | Reached XP level 5. HP: 18/28 MP: 8/8
  1342 | D:2      | Reached XP level 6. HP: 32/32 MP: 6/9
  1787 | D:3      | Found Uliupt's Magic Scroll Emporium.
  2625 | D:3      | Learned a level 4 spell: Petrify
  2636 | D:3      | Reached skill level 4 in Conjurations
  2733 | D:4      | Found a one-way gate to the infinite horrors of the Abyss.
  2733 | D:4      | Noticed Fartwhistle's ghost (amateur DjTm)
  3043 | D:4      | Reached XP level 7. HP: 36/36 MP: 3/10
  3104 | D:4      | Found a transporter.
  3104 | D:4      | Found Dexiemp's Magic Scroll Shop.
  3402 | D:4      | Identified the +2 leather armour "Paytenur" {rPois rF+
                  | Regen+ Str+3}
  3434 | D:4      | Found a hide-covered altar of Uskayaw.
  3483 | D:4      | Found a transporter.
  3484 | D:4      | Found a transporter.
  3488 | D:4      | Noticed a small abomination
  3591 | D:4      | Found a transporter.
  3842 | D:5      | Entered Level 5 of the Dungeon
  3949 | D:5      | Reached skill level 5 in Conjurations
  4033 | D:4      | Slain by an iguana

Illustrated notes

Levels and vault maps discovered:
D:1:      lightli_arrival_chessboard, layout_basic,
          dreamdust_ecumenical_altar_drowned_temple, minmay_small_reverse_x
D:2:      layout_rooms, hangedman_decor_push, hex_large, uniq_sigmund
D:3:      layout_loops_ring, serial_shops, shop, minmay_between
D:4:      layout_basic, nicolae_uskayaw_suspiria,
          gammafunk_ghost_abyssal_escape, serial_shops, nicolae_shop_drivethru,
          hangedman_abyss_or_decor_stabs
D:5:      layout_basic, minmay_temple_entry_statues_pillars, uniq_eustachio

Skill      XL: |  1  2  3  4  5  6  7 |
---------------+----------------------+-----
Transmutations | 1 3 4 |  4.5
Earth Magic    | 4 |  4.3
Conjurations   | 3 4 5 |  5.3
Dodging        | |  1.5
Stealth        | |  2.1
Spellcasting   | |  2.6

Action                     |  1- 3 |  4- 6 |  7- 9 || total
---------------------------+-------+-------+-------++-------
  Melee: Unarmed           |     2 |       |       ||     2
   Fire: Sling             |    44 |    81 |    21 ||   146
   Cast: Sandblast         |    46 |    95 |    33 ||   174
         Stone Arrow       |       |     1 |     1 ||     2
    Use: Potion            |     2 |       |     3 ||     5
 Armour: Robe              |    41 |    50 |    12 ||   103
  Dodge: Dodged            |    57 |    73 |    18 ||   148
